 Dungeon Crawl Stone Soup version 0.20.1-1-g8b1a95d (console) character file.

264 hilaritas the Archer (level 5, -6/45 HPs)
             Began as a Centaur Hunter on Feb 14, 2018.
             Mangled by Sigmund
             ... wielding a +0 scythe
              (11 damage)
             ... on level 3 of the Dungeon.
             The game lasted 00:09:58 (3581 turns).

hilaritas the Archer (Centaur Hunter)               Turns: 3581, Time: 00:09:59

Health: -6/45      AC:  7    Str: 14    XL:     5   Next: 98%
Magic:  5/5        EV:  9    Int: 10    God:
Gold:   129        SH:  0    Dex:  9    Spells: 3/4 levels left

rFire    + . .     SeeInvis .   b - +0 short sword
rCold    + . .     Gourm    .   (no shield)
rNeg     . . .     Faith    .   c - +0 leather armour
rPois    +         Spirit   .   (no helmet)
rElec    +         Reflect  .   (no cloak)
rCorr    +         Harm     .   i - +2 pair of gloves
MR       .....                  (no barding)
Stlth    +.........             (no amulet)
Regen    0.2/turn               (no ring)
MPRegen  0.1/turn               (no ring)

@: resistant, very quick
A: hooves 3, clumsy 1, deformed body, speed 2, screaming 1, tough skin 3, wild
magic 1
a: no special abilities


You were on level 3 of the Dungeon.
You were not hungry.

You visited 1 branch of the dungeon, and saw 3 of its levels.
You also visited: Sewer.

You collected 129 gold pieces.

Inventory:

Hand Weapons
 a - a +2 shortbow
 b - a +0 short sword (weapon)
Armour
 c - a +0 leather armour (worn)
 i - a +2 pair of gloves (worn)
Scrolls
 n - 2 scrolls of teleportation
 p - 2 scrolls of remove curse
 q - a scroll of enchant armour
Potions
 e - 4 potions of flight
 h - a potion of mutation
 j - 3 potions of curing
 k - a potion of resistance
 o - a potion of might {unknown}
 r - 2 potions of agility {unknown}
 s - a potion of heal wounds {unknown}
 v - a potion of cancellation {unknown}
Books
 u - a book of Cantrips

   Spells                             Type                      Level
   a - Confusing Touch                Hexes                        1
   b - Animate Skeleton               Necromancy                   1
   c - Summon Small Mammal            Summoning                    1
   d - Apportation                    Translocation                1
Comestibles
 f - 2 bread rations
 g - 6 chunks of flesh
 l - a royal jelly
 m - a meat ration
 t - 2 fruits


   Skills:
 * Level 3.3 Fighting
 * Level 8.8 Bows
 - Level 1.3 Dodging
 - Level 0.4 Stealth


You had 3 spell levels left.
You knew the following spells:

 Your Spells              Type           Power        Failure   Level  Hunger
a - Apportation           Tloc           #.....       52%         1    ##.....


Dungeon Overview and Level Annotations

Branches:
Dungeon (3/15)

Altars:

Annotations:
D:3 Sigmund


Innate Abilities, Weirdness & Mutations

You have hooves in place of feet.
Armour fits poorly on your strangely shaped body.
You cover ground very quickly.
You have extremely tough skin. (AC +3)
You are clumsy. (Dex -2)
You occasionally shout uncontrollably at your foes.
Your spells are a little harder to cast, but a little more powerful.


Message History

You closely miss something. Something hits you!
* * * LOW HITPOINT WARNING * * *
The quokka closely misses you.
It was a potion of mutation.
You feel extremely strange.
You feel the urge to shout.
You feel clumsy.
You feel less in control of your magic. The quokka bites you.
* * * LOW HITPOINT WARNING * * *
The dart slug bites you but does no damage.
You hear some strange, mumbled words.
A puff of flame appears from out of thin air!
The puff of flame misses you. The quokka barely misses you.
You feel better. Something hits you.
* * * LOW HITPOINT WARNING * * *
The dart slug bites you but does no damage.
The quokka bites you but does no damage.
It was a potion of resistance.
You feel protected. The quokka closely misses you. Something hits you!
You die...

*,,,,,,,,,** *,,,,,* *,
*,,,,,,,,,,** **,,,** *,
*****,,,,,,,* **,** **
#..,,,,,* *,* *..,,,,,*
*,* **(.,,,** ##+##
**.,,** ##...## *#.**
##.....## ##(#*
##.......## #
*####..{####.........####
*......w@..'.........'...
*$.....r...#.........####
*..###.###.##.......## #
*,,**#.* #.###...[.## #
*,,*>.,* #.# ##...## #
*,,*.#,* #.# ##†## #
*,,#.*,**#.# #.# #
*,,.,,,,,..# #.# #
****,****### ##.########
*,* ##.........# *,*
#.....####.#


You could see a dart slug and a quokka.

Vanquished Creatures
  Jessica (D:3)
  A merfolk siren (Sewer)
  A merfolk avatar (Sewer)
  8 adders
  2 river rats (Sewer)
  A worm (D:2)
  3 dart slugs
  5 leopard geckos
  An orc (D:3)
  6 bats
  5 giant cockroaches
  5 hobgoblins
  7 jackals (D:3)
  3 quokkas
  6 ball pythons (Sewer)
  8 frilled lizards
  7 goblins
  A kobold (D:2)
  29 rats
100 creatures vanquished.

Notes
Turn   | Place    | Note
-------+----------+-------------------------------------------
     0 | D:1      | hilaritas the Centaur Hunter began the quest for the Orb.
     0 | D:1      | Reached XP level 1. HP: 17/17 MP: 1/1
   273 | D:1      | Reached XP level 2. HP: 24/24 MP: 2/2
   372 | D:1      | Reached skill level 6 in Bows
   981 | D:2      | Reached XP level 3. HP: 26/29 MP: 3/3
  1238 | D:2      | Reached skill level 7 in Bows
  1388 | D:2      | Reached XP level 4. HP: 37/37 MP: 4/4
  1707 | D:3      | Found a glowing drain.
  1764 | Sewer    | Entered a sewer
  2282 | Sewer    | Reached skill level 8 in Bows
  2282 | Sewer    | Reached XP level 5. HP: 38/42 MP: 5/5
  3045 | D:3      | Noticed Jessica
  3050 | D:3      | Killed Jessica
  3232 | D:3      | Learned a level 1 spell: Apportation
  3557 | D:3      | Noticed Sigmund
  3578 | D:3      | HP: 4/45 [something (7)]
  3579 | D:3      | Gained mutation: You occasionally shout uncontrollably at your foes. [potion of mutation]
  3579 | D:3      | Gained mutation: You are clumsy. (Dex -2) [potion of mutation]
  3579 | D:3      | Gained mutation: Your spells are a little harder to cast, but a little more powerful. [potion of mutation]
  3579 | D:3      | HP: 1/45 [quokka (4)]
  3581 | D:3      | Mangled by Sigmund

Skill      XL: |  1  2  3  4  5 |
---------------+----------------+-----
Bows           | 6 7 8 |  8.8
Fighting       | 3 |  3.3
Dodging        | |  1.3
Stealth        | |  0.4

Action                   |  1- 3 |  4- 6 || total
-------------------------+-------+-------++-------
Melee: Short sword       |    36 |   222 ||   258
       Kick              |     2 |    43 ||    45
 Fire: Shortbow          |    63 |    28 ||    91
  Use: Scroll            |     5 |     2 ||     7
       Potion            |       |     4 ||     4
  Eat: Chunk             |       |     7 ||     7
Armor: Leather armour    |    25 |   112 ||   137
Dodge: Dodged            |    14 |   138 ||   152
